 Dungeon Crawl Stone Soup version 0.22.0-75-g3901e79 (webtiles) character file.

53 CunnettoGentile the Ducker (level 3, -2/17 HPs)
             Began as a Felid Berserker on Sept 11, 2018.
             Was a Follower of Trog.
             Slain by a worm (6 damage)
             ... on level 2 of the Dungeon.
             The game lasted 00:01:00 (1160 turns).

CunnettoGentile the Ducker (Felid Berserker)        Turns: 1160, Time: 00:01:01

Health: -2/17      AC:  1    Str: 14    XL:     3   Next: 62%
Magic:  4/4        EV: 20    Int:  8    God:    Trog [*.....]
Gold:   44         SH:  0    Dex: 15    Spells: 2/2 levels left
                                        Lives:  0   Deaths: 0

rFire    + . .     SeeInvis +     - Unarmed
rCold    . . .     Gourm    .   (shield unavailable)
rNeg     . . .     Faith    .   (armour unavailable)
rPois    .         Spirit   .   (helmet unavailable)
rElec    .         Reflect  .   (cloak unavailable)
rCorr    .         Harm     .   (gloves unavailable)
MR       .....                  (boots unavailable)
Stlth    ++........             (no amulet)
HPRegen  0.05/turn              d - ring of protection from fire
MPRegen  0.09/turn              (no ring)

@: berserk cooldown, slowed, slow
A: very small, no armour, no weapons or thrown items, stealth, claws 1, fangs 3,
see invisible, carnivore, speed 1, shaggy fur 1, slow metabolism 1, sharp paws
a: Berserk, Renounce Religion


You were on level 2 of the Dungeon.
You worshipped Trog.
Trog was aware of your devotion.
You were not hungry.

You visited 1 branch of the dungeon, and saw 2 of its levels.

You collected 44 gold pieces.

Inventory:

Jewellery
 d - a ring of protection from fire (left paw)
Wands
 f - a wand of flame (18)
Scrolls
 b - a scroll of enchant armour {unknown}
 e - 3 scrolls of teleportation {unknown}
Potions
 c - a potion of degeneration {unknown}
Comestibles
 a - 2 rations


   Skills:
 * Level 3.4 Fighting
 * Level 4.6 Dodging
 * Level 2.1 Stealth
 * Level 3.5 Unarmed Combat


You had 2 spell levels left.
You didn't know any spells.
Your spell library was empty.

Dungeon Overview and Level Annotations

Branches:
Dungeon (2/15)

Altars:


Innate Abilities, Weirdness & Mutations

You cannot wear armour.
You are incapable of wielding weapons or throwing items.
Your paws allow you to move quietly. (Stealth)
You have sharp claws.
You have razor-sharp teeth.
You have supernaturally acute eyesight. (SInv)
You are carnivorous and can eat meat at any time.
You cover ground quickly.
You are covered in fur. (AC +1)
You have a slow metabolism.
Your sharp claws are effective at attacking unaware monsters.


Message History

Unknown command.
You see here a hobgoblin corpse.
A worm is nearby!
You feel a strong urge to attack something.
You are no longer berserk.
You are exhausted.
You feel yourself slow down. The worm misses you.
Found a scroll labeled ONAIBB CICEAF.
You scratch the worm. You bite the worm, but do no damage.
The worm is lightly wounded.
The worm bites you.
* * * LOW HITPOINT WARNING * * *
You barely miss the worm. You bite the worm.
The worm is moderately wounded.
You claw the worm!
The worm is severely wounded.
The worm misses you. The worm bites you.
You die...

##.###..........#. #...?.....
................#.###.........
................# ..#.........
######..........###.#.........
###...........................
#...##.#......#.###...........
#.###..##.#####..# ##.........
#.###.....# ##.###....%.....
..##...#### #@#†...........
.#...### ###w.†)..........
#...## #####.....##†.#######
#..## ##.......#####..#####
#..# ##..........w........#
...# #.....................#
...# #......................
.### #......................
.# #......................


You could see a worm.

Vanquished Creatures
  A hound skeleton (D:2)
  2 oozes (D:1)
  A dart slug (D:2)
  2 leopard geckos (D:2)
  8 bats
  4 giant cockroaches
  2 goblins (D:2)
  A hobgoblin (D:2)
  A kobold (D:1)
  4 frilled lizards
26 creatures vanquished.

Notes
Turn   | Place    | Note
-------+----------+-------------------------------------------
     0 | D:1      | CunnettoGentile the Felid Berserker began the quest for the
                  | Orb.
     0 | D:1      | Reached XP level 1. HP: 10/10 MP: 2/2
   542 | D:1      | Reached skill level 1 in Stealth
   542 | D:1      | Reached XP level 2. HP: 14/14 MP: 3/3
  1046 | D:2      | Reached XP level 3. HP: 17/17 MP: 4/4
  1070 | D:2      | Found a faded altar of an unknown god.
  1160 | D:2      | Slain by a worm

Skill      XL: |  1  2  3 |
---------------+----------+-----
Stealth        | 1 2 |  2.1
Fighting       | |  3.4
Dodging        | |  4.6
Unarmed Combat | |  3.5

Action                   || total
-------------------------++-------
Melee: Unarmed           ||    57
       Bite              ||     8
       Punch             ||     1
Invok: Berserk           ||     1
 Stab: Sleeping          ||     6
Armor: Skin              ||     5
Dodge: Dodged            ||    45
